 Dungeon Crawl Stone Soup version 0.27.1 (webtiles) character file.

Game seed: 6186485208274504069

161 Rrauwl the Chucker (level 5, -1/54 HPs)
             Began as an Ogre Hunter on Aug 23, 2021.
             Slain by an ogre (5 damage)
             ... on level 4 of the Dungeon.
             The game lasted 00:11:48 (4446 turns).

Rrauwl the Chucker (Ogre Hunter)                    Turns: 4446, Time: 00:11:48

Health: -1/54      AC:  6    Str: 18    XL:     5   Next: 42%
Magic:  5/5        EV: 10    Int: 18    God:
Gold:   43         SH:  0    Dex: 10    Spells: 4/4 levels left

rFire    + . .     SeeInvis .   g - staff of fire
rCold    . . .     Faith    .   (no shield)
rNeg     . . .     Spirit   .   b - +1 robe
rPois    .         Reflect  .   (helmet restricted)
rElec    .         Harm     .   (no cloak)
rCorr    .         Rampage  .   (gloves unavailable)
Will     +....                  (boots unavailable)
Stlth    +.........             (no amulet)
HPRegen  0.18/turn              e - ring of willpower
MPRegen  0.09/turn              i - +6 ring of intelligence

@: no status effects
A: large, unfitting armour, tough skin 1, iridescent scales 1, strong 1
a: no special abilities


You were on level 4 of the Dungeon.
You visited 1 branch of the dungeon, and saw 4 of its levels.

You collected 103 gold pieces.
You spent 60 gold pieces at shops.

Inventory:

Armour
 b - a +1 robe (worn)
Magical Staves
 g - a staff of fire (weapon)
Jewellery
 e - a ring of willpower (left hand)
 i - a +6 ring of intelligence (right hand)
Wands
 h - a wand of polymorph (6)
Scrolls
 l - a scroll of blinking
 m - a scroll of magic mapping {unknown}
Potions
 a - 2 potions of flight
 f - a potion of mutation
 j - 2 potions of curing


   Skills:
 + Level 4.3 Fighting
 + Level 1.4 Staves
 + Level 4.7 Throwing
 + Level 0.2 Armour
 + Level 2.9 Dodging
 - Level 1.0 Stealth
 + Level 0.3 Evocations


You had 4 spell levels left.
You didn't know any spells.
Your spell library contained the following spells:

 Spells                   Type           Power      Damage    Failure   Level
 Slow                     Hex            0%         N/A       32%         2
 Confusing Touch          Hex            0%         N/A       54%         3
 Vampiric Draining        Necr           0%         2d6       54%         3


Dungeon Overview and Level Annotations

Branches:
Dungeon (4/15)
 Temple: D:4-7

Altars:

Shops:
D:3 !


Innate Abilities, Weirdness & Mutations

You are too large for most types of armour.
You have tough skin. (AC +1)
You are partially covered in iridescent scales. (AC +2)
Your muscles are strong. (Str +2)


Message History

You throw a large rock. The large rock hits the worm.
The worm is almost dead.
The worm struggles against the net.
Throw: 3 large rocks
Press: ? - help, Q - select action, (/) - cycle Shift-Dir - straight line, f/p - ogre
Aim: an ogre, wielding a +0 giant spiked club (75% to hit)
You throw a large rock. The large rock hits the worm.
You kill the worm!
Throw: 2 large rocks
Press: ? - help, Q - select action, (/) - cycle Shift-Dir - straight line, f/p - ogre
Aim: an ogre, wielding a +0 giant spiked club (75% to hit)
You throw a large rock. The large rock hits the ogre!
The ogre is heavily wounded.
The ogre hits you with a +0 giant spiked club!
Throw: large rock
Press: ? - help, Q - select action, (/) - cycle Shift-Dir - straight line, f/p - ogre
Aim: an ogre, wielding a +0 giant spiked club (heavily wounded, 75% to hit)
You throw a large rock. The large rock barely misses the ogre.
The ogre hits you with a +0 giant spiked club!
The ogre barely misses you.
Okay, then.
You feel much better.
The ogre hits you with a +0 giant spiked club!!
You hit the ogre.
The ogre is heavily wounded.
You hit the ogre.
The ogre is severely wounded.
The ogre barely misses you.
You hit the ogre.
The ogre is severely wounded.
The ogre hits you with a +0 giant spiked club!!
* * * LOW HITPOINT WARNING * * *
You barely miss the ogre.
The ogre is severely wounded.
The ogre barely misses you.
Okay, then.
You hit the ogre but do no damage.
The ogre is severely wounded.
The ogre hits you with a +0 giant spiked club.
You die...

#.####.####.#####.#.#
#[####............#.##
#............######..#
#####...(....# ##.#
#####..####### ####.##
#......#♣♣♣♣♣♣♣♣#.....#
#.####.#♣......♣#.##.##
#.#♣.8..8.♣#.####
#)'(...(.O@'†#
#.'...(....'.#
###♣.8..8.♣#.#
♣......♣#.# ♣♣♣♣♣♣♣♣#.#
#.. #.# ..#


You could see an ogre.

Vanquished Creatures
  A bullfrog skeleton (D:4)
  5 adders
  A worm (D:4)
  3 dart slugs
  13 orcs
  7 ball pythons
  4 endoplasms
  2 goblins
  3 hobgoblins
  5 jackals (D:2)
  3 quokkas
  5 bats
  2 frilled lizards
  9 kobolds
  8 rats
71 creatures vanquished.

Vanquished Creatures (others)
  14 plants (D:1)
14 creatures vanquished.

Grand Total: 85 creatures vanquished

Notes
Turn   | Place    | Note
-------+----------+-------------------------------------------
     0 | D:1      | Rrauwl the Ogre Hunter began the quest for the Orb.
     0 | D:1      | Reached XP level 1. HP: 22/22 MP: 1/1
   165 | D:1      | Gained mutation: Your spells are a little harder to cast,
                  | but a little more powerful. [potion of mutation]
   165 | D:1      | Lost mutation: Your spells are a little harder to cast, but
                  | a little more powerful. [potion of mutation]
   165 | D:1      | Gained mutation: Your muscles are strong. (Str +2) [potion
                  | of mutation]
   165 | D:1      | Gained mutation: You are partially covered in iridescent
                  | scales. (AC +2) [potion of mutation]
   645 | D:1      | Reached XP level 2. HP: 29/31 MP: 2/2
   724 | D:1      | Reached skill level 1 in Stealth
  1769 | D:2      | Reached XP level 3. HP: 35/37 MP: 3/3
  2420 | D:2      | Reached XP level 4. HP: 47/48 MP: 4/4
  2509 | D:2      | Found a faded altar of an unknown god.
  2675 | D:3      | Found Ypuceb's Distillery.
  2955 | D:3      | Bought a potion of heal wounds for 60 gold pieces
  3369 | D:3      | Reached skill level 1 in Staves
  3763 | D:3      | Reached XP level 5. HP: 41/54 MP: 5/5
  4432 | D:4      | Noticed an ogre
  4446 | D:4      | Slain by an ogre

Illustrated notes

Levels and vault maps discovered:
D:1:      wander_arrival_fairy_ring, layout_basic, lexackson_kobold_supper
D:2:      layout_loops_corners, chequers_ecumenical_altar_island
D:3:      layout_basic, serial_shops, nicolae_diamond_shop
D:4:      layout_loops_cross, kennysheep_generic_room_5

Skill      XL: |  1  2  3  4 |
---------------+-------------+-----
Fighting       | 3 4 |  4.3
Dodging        | 2 |  2.9
Stealth        | 1 |  1.0
Staves         | 1 |  1.4
Throwing       | |  4.7
Armour         | |  0.2
Evocations     | |  0.3

Action                   |  1- 3 |  4- 6 || total
-------------------------+-------+-------++-------
Melee: Short sword       |    89 |       ||    89
       Staff             |    38 |   139 ||   177
Throw: Large rock        |       |    21 ||    21
       Throwing net      |       |     2 ||     2
  Use: Potion            |     6 |     1 ||     7
       Scroll            |     3 |     1 ||     4
 Stab: Distracted        |     1 |       ||     1
       Sleeping          |     3 |     1 ||     4
       Held in net/web   |       |     1 ||     1
Armor: Robe              |    54 |    41 ||    95
Dodge: Dodged            |    86 |    93 ||   179
